 Dungeon Sprint DCSS version 0.32-a0-350-g4f4d228785 (webtiles) character file.

Game seed: 6127689153010655259

501 rocky1 the Basher (level 6, -2/62 HPs)
             Began as a Mountain Dwarf Cinder Acolyte on Feb 18, 2024.
             Was a High Priest of Ignis.
             Killed by divine providence
             ... invoked by an orc priest
              (14 damage)
             ... in the Dungeon (Sprint VII: "The Pits").
             The game lasted 00:01:49 (390 turns).

rocky1 the Basher (Mountain Dwarf Cinder Acolyte)    Turns: 390, Time: 00:01:50

Health: -2/62      AC: 21    Str: 19    XL:     6   Next: 95%
Magic:  4/13       EV:  6    Int: 14    God:    Ignis [*****.]
Gold:   0          SH:  0    Dex:  5    Spells: 13/15 levels left

rFire   + . .        n - +2 mace (protect)
rCold   . . .        (no shield)
rNeg    . . .        d - +2 plate armour
rPois   .            (no helmet)
rElec   .            (no cloak)
rCorr   .            (no gloves)
SInv    .            (no boots)
Will    .....        (no amulet) Stlth
                     (no ring)
HPRegen 0.30/turn    (no ring)
MPRegen 0.13/turn

%: no teleportation
@: under a protective aura, on berserk cooldown, slowed, very slow
A: runic magic, artefact enchanting
a: Renounce Religion, Fiery Armour, Foxfire Swarm, Rising Flame


You were in the Dungeon.
You worshipped Ignis.
Ignis was extremely pleased with you.
You visited 1 branch

Inventory:

Hand Weapons
 a - a -1 mace of flaming
 n - a +2 mace of protection (weapon)
Armour
 b - a +0 robe
 d - a +2 plate armour (worn)
Scrolls
 h - a scroll of blinking
 j - 2 scrolls of vulnerability
 k - 5 scrolls of amnesia
 l - a scroll of summoning
Potions
 c - 6 potions of curing
 e - a potion of haste
 f - 4 potions of magic
 g - 2 potions of berserk rage
 i - 2 potions of invisibility
 m - 3 potions of heal wounds


   Skills:
 + Level 8.4 Fighting
 + Level 9.2 Maces & Flails
 + Level 6.4 Armour
 - Level 0.3 Dodging
 + Level 5.0 Spellcasting
 + Level 9.1 Fire Magic


You had 13 spell levels left.
You knew the following spells:

 Your Spells              Type           Power      Damage    Failure   Level
a - Scorch                Fire           58%        2d7       1%          2

Your spell library contained the following spells:

 Spells                   Type           Power      Damage    Failure   Level


Dungeon Overview and Level Annotations

Branches:
Dungeon (1/1)

Altars:
Cheibriados
Dithmenos
Elyvilon
Fedhas
Gozag
Hepliaklqana
Makhleb
Nemelex Xobeh
Okawaru
Qazlal
Ru
Sif Muna
Trog
Vehumet
Wu Jian
Xom
Yredelemnul
Zin
The Shining One
Beogh
Jiyva
Lugonu


Innate Abilities, Weirdness & Mutations

Your spellcasting is much less encumbered by armour.
You can use scrolls of enchantment on lesser artefacts.


Message History

You barely miss the orc. The orc barely misses you.
You closely miss the orc. The orc hits you but does no damage.
You sock the orc!
You kill the orc!
The orc priest hits you with a +0 club.
Things that are here:
a +0 mace; an orc corpse You hit the orc priest.
The orc priest is moderately wounded.
You are no longer berserk.
You are exhausted.
You feel yourself slow down.
The orc priest hits you but does no damage.
You hit the orc priest.
The orc priest is heavily wounded.
The orc priest calls upon Beogh to heal the orc priest.
The orc priest is healed somewhat.
The orc priest hits you but does no damage.
You hit the orc priest.
The orc priest is lightly wounded.
The orc priest hits you but does no damage.
The orc priest barely misses you.
You hit the orc priest but do no damage.
The orc priest is lightly wounded.
The orc priest hits you but does no damage.
You hit the orc priest.
The orc priest is moderately wounded.
The orc priest hits you but does no damage.
You closely miss the orc priest.
The orc priest is moderately wounded.
The orc priest hits you but does no damage.
The orc priest invokes the aid of Beogh against you.
Beogh smites you!
* * * LOW HITPOINT WARNING * * *
You hit the orc priest.
The orc priest is heavily wounded.
The orc priest invokes the aid of Beogh against you.
Beogh smites you!
You die...
Ignis goes out, and joins you in death.

#'#####'#####.....
#.#..#.....##.....
#.#))#####'#####'#
#.#))#.....##.....
#.#).#...).##.....
#.#[.###†####.....
#.##'#.....##...<.
#.#........##.....
#@#........##.....
#o###########.....
#o. ###### #).#
#.## #.. #.# #..


You could see 2 orc priests.

Vanquished Creatures
  A glass eye (D)
  A warg (D)
  A fire bat (D)
  A gnoll (D)
  2 ufetubi (D)
  3 orcs (D)
  An endoplasm (D)
  A giant cockroach (D)
  A bat (D)
  A quokka zombie (D)
  A rat (D)
14 creatures vanquished.

Vanquished Creatures (others)
  20 foxfires (D)
20 creatures vanquished.

Grand Total: 34 creatures vanquished

Notes
Turn   | Place    | Note
-------+----------+-------------------------------------------
     0 | D        | rocky1 the Mountain Dwarf Cinder Acolyte began the quest
                  | for the Orb.
     0 | D        | Reached XP level 1. HP: 19/19 MP: 2/2
    15 | D        | Reached XP level 2. HP: 27/27 MP: 3/3
    23 | D        | Found a bloodstained altar of Trog.
    23 | D        | Found a shimmering blue altar of Sif Muna.
    23 | D        | Found a viscous altar of Jiyva.
    23 | D        | Found a hazy altar of Hepliaklqana.
    23 | D        | Found an opulent altar of Gozag.
    24 | D        | Found a glowing golden altar of the Shining One.
    24 | D        | Found a glowing silver altar of Zin.
    24 | D        | Found a basalt altar of Yredelemnul.
    24 | D        | Found a shimmering altar of Xom.
    24 | D        | Found an ornate altar of the Wu Jian Council.
    24 | D        | Found a sacrificial altar of Ru.
    24 | D        | Found a stormy altar of Qazlal.
    24 | D        | Found an iron altar of Okawaru.
    24 | D        | Found a sparkling altar of Nemelex Xobeh.
    24 | D        | Found a burning altar of Makhleb.
    24 | D        | Found a blossoming altar of Fedhas.
    24 | D        | Found a white marble altar of Elyvilon.
    24 | D        | Found a shadowy altar of Dithmenos.
    24 | D        | Found a snail-covered altar of Cheibriados.
    27 | D        | Found a corrupted altar of Lugonu.
    27 | D        | Found a radiant altar of Vehumet.
    27 | D        | Found a roughly hewn altar of Beogh.
    65 | D        | HP: 1/27 [ufetubus (2)]
    71 | D        | Reached skill level 5 in Maces & Flails
    71 | D        | Reached skill level 5 in Fire Magic
   167 | D        | Reached skill level 5 in Fighting
   167 | D        | Reached XP level 3. HP: 23/36 MP: 4/4
   167 | D        | Noticed a glass eye
   186 | D        | Killed a glass eye
   187 | D        | Reached XP level 4. HP: 37/47 MP: 4/9
   187 | D        | Reached XP level 5. HP: 41/52 MP: 4/10
   242 | D        | Learned a level 2 spell: Scorch
   353 | D        | Noticed a warg
   359 | D        | Noticed a fire bat
   371 | D        | Killed a warg
   372 | D        | Reached skill level 5 in Armour
   372 | D        | Reached XP level 6. HP: 57/61 MP: 2/12
   378 | D        | Killed a fire bat
   379 | D        | Reached skill level 5 in Spellcasting
   390 | D        | Killed from afar by an orc priest

Illustrated notes

Levels and vault maps discovered:
D:        pitsprint [storerooms_1, entrance_room_1, metal_vault_7, armoury_2,
          mini_pit_1, grid_room_1, main_hall_1, silver_pit, the_coven_3,
          the_vestibule_1, steel_vault_4, golden_pit, hallway_of_sentries,
          crystal_vault_3, iron_vault_1, final_vault]

Skill      XL: |  1  2  3  4  5  6 |
---------------+-------------------+-----
Fighting       | 4 5 7 8 |  8.4
Maces & Flails | 4 5 7 8 9 |  9.2
Fire Magic     | 4 5 7 8 9 |  9.1
Armour         | 4 5 6 |  6.4
Spellcasting   | 3 4 5 |  5.0
Dodging        | |  0.3

Action                     |  1- 3 |  4- 6 || total
---------------------------+-------+-------++-------
  Melee: Mace              |    35 |    26 ||    61
   Cast: Scorch            |       |     5 ||     5
 Invoke: Foxfire Swarm     |     2 |       ||     2
    Use: Potion            |     1 |     3 ||     4
 Armour: Robe              |    21 |       ||    21
         Plate armour      |       |    26 ||    26
  Dodge: Dodged            |    22 |     7 ||    29

Table legend: (Time is in decaauts)
 A = Elapsed time spent in this place.
 B = Non-inter-level travel time spent in this place.
 C = Inter-level travel time spent in this place.
 D = Time resting spent in this place.
 E = Time spent auto-exploring this place.
 F = Levels seen in this place.
 G = Mean time per level.
                   A        B        C        D        E       F      G
               +--------+--------+--------+--------+--------+-----+--------+
         Total |    390 |    372 |     18 |    156 |      0 |   1 |  390.0 |
       Dungeon |    390 |    372 |     18 |    156 |      0 |   1 |  390.0 |
               +--------+--------+--------+--------+--------+-----+--------+

Top non-repeatable levels by time:
       D: 390 daAuts
